 Dungeon Crawl Stone Soup version 0.28.0-45-g0d030f2227 (webtiles) character file.

Game seed: 6860182902643791939

70 zeratav the Insei (level 4, 0/29 HPs)
             Began as an Octopode Transmuter on Apr 11, 2022.
             Slain by a gnoll
             ... wielding a +0 spear
              (3 damage)
             ... on level 2 of the Dungeon.
             The game lasted 00:01:59 (1832 turns).

zeratav the Insei (Octopode Transmuter)             Turns: 1832, Time: 00:01:59

Health: 0/29       AC:  1    Str:  9    XL:     4   Next: 22%
Magic:  5/7        EV: 13    Int: 15    God:
Gold:   56         SH:  0    Dex: 14    Spells: 6/7 levels left

rFire   . . .      SeeInvis .     - Unarmed
rCold   + . .      Faith    .   (no shield)
rNeg    . . .      Spirit   .   (helmet currently unavailable)
rPois   .          Reflect  .   (no amulet)
rElec   .          Harm     .   a - ring of protection from cold
rCorr   .          Rampage  .   (no ring)
Will    .....                   (no ring)
Stlth   +++.......              (no ring)
HPRegen 0.09/turn               (no ring)
MPRegen 0.10/turn               (no ring)
                                (no ring)
                                (no ring)

@: appendages (expiring)
A: tentacle spike 3, almost no armour, amphibious, 8 rings, camouflage 1,
gelatinous body 1, (nimble swimmer 1), tentacles
a: End Transformation


You were on level 2 of the Dungeon.
One of your tentacles had grown a beastly spike.
You visited 1 branch of the dungeon, and saw 2 of its levels.

You collected 56 gold pieces.


Innate Abilities, Weirdness & Mutations

One of your tentacles has grown a beastly spike.
You cannot wear most types of armour.
You are amphibious.
You can wear up to eight rings at the same time.
Your skin changes colour to match your surroundings (Stealth+).
Your rubbery body absorbs attacks. (AC +1, EV +1)
((You are camouflaged when in or above water. (Stealth+)))
You have tentacles for arms and can constrict up to eight enemies at once.


   Skills:
 + Level 1.9 Fighting
 + Level 2.6 Dodging
 + Level 2.1 Stealth
 * Level 3.8 Unarmed Combat
 - Level 2.0 Spellcasting
 - Level 2.0 Transmutations


You had 6 spell levels left.
You knew the following spells:

 Your Spells              Type           Power      Damage    Failure   Level
a - Beastly Appendage     Tmut           14%        N/A       10%         1

Your spell library contained the following spells:

 Spells                   Type           Power      Damage    Failure   Level
 Wereblood                Tmut           7%         N/A       14%         2
 Spider Form              Tmut/Pois      4%         N/A       41%         3
 Ignite Poison            Fire/Tmut/Pois 3%         N/A       45%         3
 Mephitic Cloud           Conj/Pois/Air  1%         N/A       54%         3
 Ice Form                 Ice/Tmut       4%         N/A       82%         4
 Freezing Cloud           Conj/Ice/Air   0%         6-21      99%         5

Inventory:

Jewellery
 a - a ring of protection from cold (left tentacle)
   (You found it on level 1 of the Dungeon)
Scrolls
 b - a scroll of blinking {unknown}
 d - a scroll of torment {unknown}
 e - a scroll of enchant weapon {unknown}
 f - a scroll of identify {unknown}
Potions
 c - a potion of flight {unknown}

Dungeon Overview and Level Annotations

Branches:
Dungeon (2/15)

Altars:

+................#
#######......#...#
######.......#
.....##..g.......#.#
.....#.....g.g.....#
....#..########.###
...#..# #g#


gg#gg# #g# #.#..# #@# ##.#g.# #.# #.....# #.# .......## #.# .......# #.#
.......# #.# .......# #.# .......# #.# ####+#.# You could see 2 gnolls.


Message History

An endoplasm is nearby!
HP[+2]
You regained 2 hp, and now have 10/24 hp.
You see here the felid corpse of Natasha.
The endoplasm quivers.
You tentacle-slap the endoplasm. The endoplasm misses you.
You tentacle-slap the endoplasm. You squeeze the endoplasm.
You kill the endoplasm!
You start resting.
HP[+14]
Your hp is fully restored (24).
A kobold comes into view. It is wielding a +0 dagger.
You miscast Beastly Appendage.
You are very lightly contaminated with residual magic.
Nothing appears to happen.
MP[-1]
You lost 1 mp, and now have 5/6 mp.
The kobold shouts!
You barely miss the kobold. You grab the kobold. You squeeze the kobold.
You kill the kobold!
A hobgoblin comes into view.
You see here a +0 dagger {short}.
You catch the helpless hobgoblin completely off-guard!
You tentacle-slap the hobgoblin. You grab the hobgoblin.
You constrict the hobgoblin.
You kill the hobgoblin!
No target in view!
No target in view!
No target in view!
No target in view!
No target in view!
No target in view!
No target in view!
No target in view!
No target in view!
No target in view!
No target in view!
No target in view!
No target in view!
No target in view!
No target in view!
No target in view!
Your magical contamination has completely faded away. 3 gnolls come into view.
The gnoll shouts! x2; You hear a shout!
A gnoll comes into view. It is wielding a +0 spear.
The gnoll shouts!
MP[+1]
Your mp is fully restored (6).
One of your tentacles grows a vicious spike.
You hear a shout!
MP[-1]
You lost 1 mp, and now have 5/6 mp.
You tentacle-slap the gnoll. Your grab misses the gnoll.
You pierce the gnoll.
Your squeeze misses the gnoll.
Your transformation is almost over.
MP[+1]
Your mp is fully restored (6).
Your tentacle spike disappears.
One of your tentacles grows a vicious spike.
The gnoll hits you with a +0 whip!
HP[-9] MP[-1]
You take 9 damage, and now have 15/24 hp.
MASSIVE DAMAGE!! (PAUSE)
You lost 1 mp, and now have 5/6 mp.
You closely miss the gnoll. You grab the gnoll.
You pierce the gnoll.
You constrict the gnoll. The gnoll barely misses you.
You tentacle-slap the gnoll.
You kill the gnoll!
Your Stealth skill increases to level 2!
You have reached level 4!
HP[+4]
You now have 29 max hp (+5).
You regained 4 hp, and now have 19/29 hp.
You tentacle-slap the gnoll. You grab the gnoll. You constrict the gnoll.
The gnoll hits you with a +0 club.
* * * LOW HITPOINT WARNING * * *
HP[-6]
You take 6 damage, and now have 13/29 hp.
MASSIVE DAMAGE!! (PAUSE)
You tentacle-slap the gnoll.
Your transformation is almost over.
You constrict the gnoll. The gnoll misses you.
You tentacle-slap the gnoll. You squeeze the gnoll. You constrict the gnoll.
You kill the gnoll!
You closely miss the gnoll. Your grab misses the gnoll.
You completely miss the gnoll. Your grab misses the gnoll.
You squeeze the gnoll, but do no damage.
The gnoll hits you with a +0 club.
* * * LOW HITPOINT WARNING * * *
The gnoll hits you from afar with a +0 spear.
* * * LOW HITPOINT WARNING * * *
HP[-6]
You take 6 damage, and now have 7/29 hp.
MASSIVE DAMAGE!! (PAUSE)
You tentacle-slap the gnoll. You grab the gnoll. You constrict the gnoll.
The gnoll hits you with a +0 club.
* * * LOW HITPOINT WARNING * * *
The gnoll hits you from afar with a +0 spear.
You die...

Skill      XL: |  1  2  3 |
---------------+----------+-----
Stealth        | 1 2 |  2.1
Fighting       | |  1.9
Dodging        | |  2.6
Unarmed Combat | |  3.8
Spellcasting   | |  2.0
Transmutations | |  2.0

Action                   |  1- 3 |  4- 6 || total
-------------------------+-------+-------++-------
Melee: Unarmed           |    51 |     6 ||    57
       Constrict         |    13 |     2 ||    15
       Kick              |    16 |       ||    16
       Tentacles         |     5 |     2 ||     7
       Punch             |     2 |       ||     2
 Cast: Beastly Appendage |    16 |       ||    16
 Stab: Sleeping          |     2 |       ||     2
       Distracted        |     1 |       ||     1
Armor: Skin              |     2 |       ||     2
Dodge: Dodged            |    22 |     1 ||    23

Levels and vault maps discovered:
D:1:      dpeg_arrival_central, layout_basic, st_stairs_1
D:2:      layout_basic, shapermc_ecumenical_altar_petra, uniq_natasha

Notes
Turn   | Place    | Note
-------+----------+-------------------------------------------
     0 | D:1      | zeratav the Octopode Transmuter began the quest for the
                  | Orb.
     0 | D:1      | Reached XP level 1. HP: 13/13 MP: 3/3
     0 | D:1      | magus.rc [v1.9.6]
   217 | D:1      | You add the spells Ignite Poison, Mephitic Cloud and
                  | Freezing Cloud to your library.
   367 | D:1      | Reached XP level 2. HP: 18/18 MP: 3/5
   412 | D:1      | Reached skill level 1 in Stealth
   474 | D:1      | HP: 4/18 [hobgoblin (3)]
   475 | D:1      | HP: 1/18 [hobgoblin (3)]
  1519 | D:2      | Noticed Natasha
  1530 | D:2      | Killed Natasha
  1531 | D:2      | Reached XP level 3. HP: 7/24 MP: 4/6
  1827 | D:2      | Reached skill level 2 in Stealth
  1827 | D:2      | Reached XP level 4. HP: 19/29 MP: 5/7
  1831 | D:2      | HP: 7/29 [gnoll/+0 spear (3)]
  1832 | D:2      | HP: 3/29 [gnoll/+0 club (4)]
  1832 | D:2      | Slain by a gnoll

Vanquished Creatures
  Natasha (D:2)
  2 gnolls (D:2)
  A dart slug (D:2)
  4 endoplasms
  A giant cockroach (D:1)
  2 goblins (D:1)
  2 hobgoblins
  A kobold (D:2)
  A quokka (D:1)
  5 ball pythons (D:1)
  2 bats (D:1)
  3 rats (D:1)
25 creatures vanquished.

Table legend:
 A = Non-vault XP
 B = Vault XP
 C = Vault XP percentage of total XP
 D = Non-vault monster count
 E = Vault monster count
 F = Vault count percentage of total count
                 A         B        C        D         E       F
            +---------+---------+-------+---------+---------+-------
      Total |      61 |      40 |  39.6 |      21 |       4 |  16.0
            +---------+---------+-------+---------+---------+-------
        D:1 |      23 |       5 |  17.9 |      15 |       3 |  16.7
        D:2 |      38 |      35 |  47.9 |       6 |       1 |  14.3
            +---------+---------+-------+---------+---------+-------

Illustrated notes

Table legend:
 A = Kills in this place as a percentage of kills in entire the game.
 B = Kills by you in this place as a percentage of kills by you in the entire game.
 C = Kills by friends in this place as a percentage of kills by friends in the entire game.
 D = Other kills in this place as a percentage of other kills in the entire game.
 E = Experience gained in this place as a percentage of experience gained in the entire game.
 F = Experience gained in this place divided by the number of levels of this place that you have seen.
                   A       B       C       D       E      F
               +-------+-------+-------+-------+-------+----------------------
         Total | 100.0 | 100.0 |   N/A |   N/A | 100.0 |  50.5
       Dungeon | 100.0 | 100.0 |   N/A |   N/A | 100.0 |  50.5
               +-------+-------+-------+-------+-------+----------------------

Table legend: (Time is in decaauts)
 A = Elapsed time spent in this place.
 B = Non-inter-level travel time spent in this place.
 C = Inter-level travel time spent in this place.
 D = Time resting spent in this place.
 E = Time spent auto-exploring this place.
 F = Levels seen in this place.
 G = Mean time per level.
                   A        B        C        D        E       F      G
               +--------+--------+--------+--------+--------+-----+--------+
         Total |   1827 |   1780 |     47 |    205 |   1385 |   2 |  913.5 |
       Dungeon |   1827 |   1780 |     47 |    205 |   1385 |   2 |  913.5 |
               +--------+--------+--------+--------+--------+-----+--------+

Top non-repeatable levels by time:
     D:1: 1438 daAuts
     D:2: 388 daAuts
